 Dungeon Crawl Stone Soup version 0.29-a0-270-g1586fc07ea (webtiles) character file.

Game seed: 95845706416330379

512988 namelastname112 the Phalangite (level 22, -15/200 (211) HPs)
             Began as a White Draconian Monk on Mar 7, 2022.
             Was the Champion of Ru.
             Demolished by an ettin
             ... wielding a +0 dire flail
              (34 damage)
             ... while paralysed by an ogre mage
             ... on level 5 of the Vaults on Mar 8, 2022.
             The game lasted 01:44:55 (84659 turns).

namelastname112 the Phalangite (DrMo)              Turns: 84659, Time: 01:44:56

HP:   -15/200 (211) AC: 28    Str: 18    XL:     22   Next: 39%
MP:   24/24         EV:  2    Int: 11    God:    Ru [******]
Gold: 4706          SH:  0    Dex: 26    Spells: 21/21 levels left

rFire   + + .      SeeInvis .   o - +18 lance "Wyrmbane" {slay drac, rPois rF+ rC+ AC+3}
rCold   + . .      Faith    .   P - +2 kite shield
rNeg    + . .      Spirit   .   (body armour unavailable)
rPois   +          Reflect  .   I - +1 hat {Will+}
rElec   +          Harm     +   V - +2 cloak
rCorr   +          Rampage  .   x - +1 pair of gloves of the Solstice {Harm rCorr}
Will    ++...                   h - +3 pair of boots "Jouluasuol" {+Blink rElec Stlth+}
Stlth   ..........              Z - amulet of regeneration
HPRegen 1.23/turn               M - ring of Broken Luck {Fire rPois Str+3}
MPRegen 0.19/turn               L - ring of Idealism {rN+ rCorr AC+4 Dex+3}

@: paralysed, studying 2 skills, drained
A: breathe frost, AC +11, unfitting armour, cold resistance 1, cold-blooded, no
stealth, inability to use devices, hated by all, no hexes magic, no ice magic,
no necromancy magic, inexperienced 1, high MP 1, sense surroundings 1,
electricity resistance, no potion heal 1
}: 2/15 runes: decaying, gossamer
a: Breathe Frost, Renounce Religion, Draw Out Power, Power Leap, Apocalypse


You were on level 5 of the Vaults.
You worshipped Ru.
Ru was exalted by your worship.
You visited 9 branches of the dungeon, and saw 44 of its levels.
You visited the Abyss 1 time.
You also visited: Gauntlet.

You collected 5542 gold pieces.
You spent 836 gold pieces at shops.

Inventory:

Hand Weapons
 o - the +18 lance "Wyrmbane" (weapon) {slay drac, rPois rF+ rC+ AC+3}
   (You found it on level 10 of the Dungeon)

   It inflicts extra damage against dragons and draconians.
   AC:        It affects your AC (+3).
   rF:        It protects you from fire.
   rC:        It protects you from cold.
   rPois:     It protects you from poison.
 s - a +0 glaive
Missiles
 n - 13 curare-tipped darts (quivered)
 F - 5 throwing nets
Armour
 h - the +3 pair of boots "Jouluasuol" (worn) {+Blink rElec Stlth+}
   (You found it on level 3 of the Spider Nest)

   rElec:     It insulates you from electricity.
   +Blink:    It lets you blink.
   Stlth:     It makes you more stealthy.
 x - the +1 pair of gloves of the Solstice (worn) {Harm rCorr}
   (You found it on level 1 of the Lair of Beasts)

   rCorr:     It protects you from acid and corrosion.
   Harm:      It increases damage dealt and taken.
 G - the +0 pair of boots of Fashionability {Str+10}
   (You found it on level 4 of the Vaults)

   Str:       It affects your strength (+10).
 I - a +1 hat of willpower (worn)
 P - a +2 kite shield (worn)
 V - a +2 cloak (worn)
Jewellery
 i - a ring of resist corrosion
 k - an amulet of the acrobat
 v - a ring of poison resistance
 w - a ring of magical power
 A - a ring of protection from cold
 D - a ring of ice
 K - a ring of protection from cold
 L - the ring of Idealism (right hand) {rN+ rCorr AC+4 Dex+3}
   (You found it in a Gauntlet)

   [ring of protection]

   AC:        It affects your AC (+4).
   Dex:       It affects your dexterity (+3).
   rN:        It protects you from negative energy.
   rCorr:     It protects you from acid and corrosion.
 M - the ring of Broken Luck (left hand) {Fire rPois Str+3}
   (You found it on level 4 of the Vaults)

   [ring of fire]

   It enhances your fire magic.
   Str:       It affects your strength (+3).
   rF:        It protects you from fire.
   rC:        It makes you vulnerable to cold.
   rPois:     It protects you from poison.
 N - the ring of the Bull {rC- Will+ Str+6 SInv}
   (You found it on level 4 of the Vaults)

   [ring of strength]

   Str:       It affects your strength (+6).
   rC:        It makes you vulnerable to cold.
   SInv:      It lets you see invisible.
   Will:      It increases your willpower.
 R - a +4 ring of evasion
 S - the ring of Balance {rF- rN+++ rCorr Dex-4 SInv}
   (You took it off a wizard on level 4 of the Vaults)

   [ring of see invisible]

   Dex:       It affects your dexterity (-4).
   rF:        It makes you vulnerable to fire.
   rN:        It renders you almost immune to negative energy.
   SInv:      It lets you see invisible.
   rCorr:     It protects you from acid and corrosion.
 X - the ring "Fuirooka" {Ice rPois Will+ SInv}
   (You took it off a deep elf elementalist on level 3 of the Elven Halls)

   [ring of ice]

   It enhances your ice magic.
   rF:        It makes you vulnerable to fire.
   rC:        It protects you from cold.
   rPois:     It protects you from poison.
   SInv:      It lets you see invisible.
   Will:      It increases your willpower.
 Z - an amulet of regeneration (around neck)
Scrolls
 d - 4 scrolls of holy word
 m - 3 scrolls of blinking
 p - 4 scrolls of brand weapon
 q - 7 scrolls of enchant weapon
 u - 8 scrolls of fear
 y - 12 scrolls of magic mapping
 B - 11 scrolls of vulnerability
 E - 6 scrolls of fog
 H - 5 scrolls of enchant armour
 Q - 3 scrolls of amnesia
 T - a scroll of silence
 Y - a scroll of teleportation
Potions
 a - 9 potions of ambrosia
 b - 4 potions of haste
 c - 4 potions of attraction
 e - a potion of cancellation
 f - 4 potions of brilliance
 g - 2 potions of might
 j - 6 potions of mutation
 l - 17 potions of curing
 r - 5 potions of lignification
 t - 14 potions of flight
 z - 2 potions of invisibility
 C - 2 potions of magic
 O - 2 potions of berserk rage
 U - a potion of heal wounds


   Skills:
 + Level 20.6 Fighting
 - Level 10.5(17.5) Axes
 + Level 22.0(22.7) Polearms
 + Level 17.8 Dodging
 + Level 21.3 Shields
 - Level 16.7 Unarmed Combat


You had 21 spell levels left.
You didn't know any spells.
Your spell library contained the following spells:

 Spells                   Type           Power      Damage    Failure   Level
 Apportation              Tloc           0%         N/A       41%         1
 Beastly Appendage        Tmut           0%         N/A       41%         1
 Magic Dart               Conj           0%         1d3       41%         1
 Sandblast                Erth           0%         2d4       41%         1
 Shock                    Conj/Air       0%         1d3       41%         1
 Sting                    Tmut/Pois      0%         1d3       41%         1
 Blink                    Tloc           0%         N/A       56%         2
 Passwall                 Tmut/Erth      0%         N/A       56%         2
 Static Discharge         Conj/Air       0%         N/A       56%         2
 Wereblood                Tmut           0%         N/A       56%         2
 Conjure Flame            Conj/Fire      0%         6-21      80%         3
 Ignite Poison            Fire/Tmut/Pois 0%         N/A       80%         3
 Lesser Beckoning         Tloc           0%         N/A       80%         3
 Mephitic Cloud           Conj/Pois/Air  0%         N/A       80%         3
 Spider Form              Tmut/Pois      0%         N/A       80%         3
 Stone Arrow              Conj/Erth      0%         3d7       80%         3
 Swiftness                Air            0%         N/A       80%         3
 Airstrike                Air            0%         N/A       99%         4
 Iskenderun's Mystic Bla  Conj/Tloc      0%         2d3       99%         4
 Petrify                  Tmut/Erth      0%         N/A       99%         4
 Sticky Flame             Conj/Fire      0%         2d3       99%         4
 Alistair's Intoxication  Tmut/Pois      0%         N/A       100%        5
 Blade Hands              Tmut           0%         N/A       100%        5
 Fireball                 Conj/Fire      0%         3d3       100%        5
 Irradiate                Conj/Tmut      0%         3d13      100%        5
 Iskenderun's Battlesphe  Conj           0%         2d6       100%        5
 Lightning Bolt           Conj/Air       0%         1d11      100%        5
 Manifold Assault         Tloc           0%         N/A       100%        5
 Eringya's Noxious Bog    Tmut/Pois      0%         N/A       100%        6
 Iron Shot                Conj/Erth      0%         9d1       100%        6
 Starburst                Conj/Fire      0%         6d3       100%        6
 Dragon Form              Tmut           0%         N/A       100%        7
 Storm Form               Tmut/Air       0%         N/A       100%        7
 Lehudib's Crystal Spear  Conj/Erth      0%         10d2      100%        8
 Maxwell's Capacitive Co  Air            0%         ∞         100%        8
 Chain Lightning          Conj/Air       0%         N/A       100%        9
 Fire Storm               Conj/Fire      0%         5d1       100%        9
 Shatter                  Erth           0%         3d5*      100%        9
 Call Imp                 Summ           Unusable   N/A       N/A         2
 Ensorcelled Hibernation  Hex/Ice        Unusable   N/A       N/A         2
 Sublimation of Blood     Necr           Unusable   N/A       N/A         2
 Dazzling Flash           Conj/Hex       Unusable   N/A       N/A         3
 Ozocubu's Armour         Ice            Unusable   N/A       N/A         3
 Animate Armour           Summ/Erth      Unusable   N/A       N/A         4
 Animate Dead             Necr           Unusable   N/A       N/A         4
 Cause Fear               Hex            Unusable   N/A       N/A         4
 Dispel Undead            Necr           Unusable   3d6       N/A         4
 Agony                    Necr           Unusable   N/A       N/A         5
 Borgnjor's Vile Clutch   Necr/Erth      Unusable   N/A       N/A         5
 Metabolic Englaciation   Hex/Ice        Unusable   N/A       N/A         5
 Silence                  Hex/Air        Unusable   N/A       N/A         5
 Summon Forest            Summ/Tloc      Unusable   N/A       N/A         5
 Death Channel            Necr           Unusable   N/A       N/A         6
 Simulacrum               Ice/Necr       Unusable   N/A       N/A         6
 Spellforged Servitor     Conj/Summ      Unusable   N/A       N/A         7
 Summon Hydra             Summ           Unusable   N/A       N/A         7
 Dragon's Call            Summ           Unusable   N/A       N/A         9

Dungeon Overview and Level Annotations

Branches:
Dungeon (15/15)            Temple (1/1) D:4            Lair (6/6) D:8
  Swamp (4/4) Lair:4       Spider (4/4) Lair:3        Slime (0/5) Lair:5
    Orc (2/2) D:12            Elf (3/3) Orc:2        Vaults (5/5) D:14
  Crypt (0/3) Vaults:2     Depths (4/4) D:15            Zot (0/5) Depths:4
Gauntlet (visited)

Altars:
Ashenzari
Cheibriados
Dithmenos
Elyvilon
Fedhas
Gozag
Hepliaklqana
Kikubaaqudgha
Makhleb
Nemelex Xobeh
Okawaru
Qazlal
Ru
Sif Muna
Trog
Uskayaw
Vehumet
Wu Jian
Xom
Yredelemnul
Zin
The Shining One
Beogh
Jiyva
Lugonu

Shops:
D:8 *   D:10 :   D:11 ?   D:14 [   Orc:2 !*[(   Vaults:3 [   Vaults:4 (
Depths:3 [(=

Portals:
Hell: Depths:1 Depths:2 Depths:3 Depths:4
Abyss: D:5 Depths:1 Depths:2 Depths:3
Pandemonium: Depths:1 Depths:2
Ziggurat: Depths:3

Annotations:
D:5 2 runed translucent doors
D:8 exclusion: orange crystal statue
Swamp:1 exclusion: oklob plant
Elf:2 3 runed translucent doors
Depths:2 1 runed translucent door


Innate Abilities, Weirdness & Mutations

You can breathe waves of freezing cold which knock back foes.
Your icy white scales are hard. (AC +11)
You cannot fit into any form of body armour.
Your flesh is cold resistant. (rC+)
You are cold-blooded and may be slowed by cold attacks.
You cannot be stealthy.
You cannot study or use magical devices.
You are hated by all.
You cannot study or cast Hexes magic.
You cannot study or cast Ice magic.
You cannot study or cast Necromancy magic.
You are somewhat inexperienced. (-2 XL)
You have an increased reservoir of magic. (+10% MP)
You passively map a small area around you.
You are resistant to electric shocks. (rElec)
Potions are less effective at restoring your health.


Message History

The ettin attacks as you move away!!! The ettin completely misses you!
You block the ettin's attack!
You regained 2 hp, and now have 65/200 hp!
MP restored: 24 You feel less exhausted!
You regained 2 hp, and now have 70/200 hp!
The ettin attacks as you move away!!! You block the ettin's attack! x2
The ettin attacks as you move away!!! You block the ettin's attack! x2
You redirect something's attack!!!
The ettin attacks as you move away!!! You block the ettin's attack!
The ettin hits you but does no damage!
An iron dragon comes into view!
You redirect something's attack!!!
The iron dragon roars deafeningly!!!
You hear a shout!!!
A shadow dragon comes into view!
You regained 2 hp, and now have 76/200 hp!
A two-headed ogre comes into view!
It is wielding two +0 giant spiked clubs!
The two-headed ogre shouts in stereo!!!
You hear a shout!!!
A two-headed ogre comes into view!
It is wielding a +0 giant club and a +0 giant spiked club!
You hear two shouts!!!
You hear a shout!!!
The ettin attacks as you move away!!! The ettin completely misses you!
The ettin closely misses you!
A two-headed ogre comes into view!
It is wielding a +1 dire flail of protection and a +0 giant club!
You hear a deafening roar!!!
An ironbound convoker comes into view!
It is wielding a +0 scimitar of flaming!
The vault sentinel blows a loud note on a signal horn!!!
You redirect something's attack!!!
The ettin is stunned by your conviction and fails to attack!
The shadow dragon breathes negative energy at you!
The bolt of negative energy misses you!
You hear a shout!!! x2; You hear two shouts!!!
You hear a shout!!! x3
The iron dragon breathes metal splinters at you!
The spray of metal splinters hits you!!!!!! * * * don't die
* * * You hear some strange, mumbled words!
You suddenly lose the ability to move!!!
The ettin hits you with a +0 dire flail!!!!!! * * * don't die
* * * The ettin hits you with a +0 dire flail!!!!!! rip

#...).............
#..O)#############
#...........,
#.D#.#.#.#.#
#O.#...$...., ,
#D.#.#.##.##
#..#...##O##
#.C#.#...)..
#@.#..O##.## * *
#..#.#.##.##
#..#........
#..#.#.##.##
#.p#...#* #* *
#..#.#.##.##
#..#........
#..#p#(##.##
#..#...##.##


You could see a shadow dragon (catching breath), an iron dragon (catching
breath), an ettin, 2 two-headed ogres and a vault sentinel.

Vanquished Creatures
  A dread lich (Vaults:5)
  2 ancient liches (Vaults:4)
  Mara (Elf:3)
  Frederick (Vaults:2)
  the Lernaean hydra (Swamp:4)
  Saint Roka (Vaults:1)
  Margery (Vaults:4)
  5 caustic shrikes (Depths:3)
  The ghost of esteth the Sorcerer, a veteran DjCj of Makhleb (Vaults:4)
  5 golden dragons
  Nikola (Spider:1)
  2 bone dragons
  2 hellephants (Depths:3)
  Jorgrun (Elf:1)
  2 titans (Vaults:5)
  2 tentacled monstrosities
  A walking earthen tome (Depths:4)
  4 liches
  2 deep elf blademasters
  5 sphinxes
  2 deep elf master archers (Elf:3)
  Frances (Swamp:2)
  A tentacled starspawn (Abyss:2)
  A thorn hunter (Swamp:4)
  3 shadow dragons
  The ghost of Laso Cet the Draconian Aeon, an adept DrIE of Cheibriados (Spider:1)
  7 tengu reavers
  A draconian knight (Depths:4)
  An azure jelly (D:14)
  A nagaraja (Depths:2)
  A fenstrider witch (shapeshifter) (Elf:3)
  Donald (Spider:1)
  7 frost giants
  A fire giant (Depths:4)
  3 deep elf sorcerers
  7 emperor scorpions
  An orc warlord (Vaults:2)
  The ghost of Jeezicez the Crack Shot, an adept DEAr of Gozag (Spider:1)
  15 vault wardens
  A juggernaut zombie (Depths:1)
  A caustic shrike zombie (Depths:1)
  Louise (Swamp:2)
  5 deep elf elementalists
  4 ghost moths
  3 ghouls (Swamp:2)
  5 broodmothers (Spider:4)
  15 stone giants
  A draconian annihilator (Depths:2)
  15 ironbound preservers
  A spriggan defender (Depths:2)
  29 very ugly things
  2 war gargoyles
  6 ironbound thunderhulks
  2 caustic shrike skeletons (Depths:1)
  2 juggernaut skeletons
  2 black draconians (Depths:4)
  11 deep elf demonologists
  4 green draconians (Depths:4)
  A minotaur (Gauntlet)
  6 eleionomae
  3 entropy weavers
  10 deep elf annihilators
  2 yellow draconians (Depths:4)
  Azrael (Elf:1)
  A bunyip (Swamp:3)
  5 dire elephants
  A red draconian (Depths:4)
  8 spark wasps
  2 merfolk impalers (Depths:2)
  A crystal guardian (Vaults:4)
  5 ettins
  3 deep elf death magi
  Josephine (D:12)
  A green death (Gauntlet)
  2 deep elf high priests
  4 spriggan zombies (Depths:1)
  Harold (D:10)
  9 fire dragons
  8 yaktaur captains
  19 boulder beetles
  A quicksilver dragon skeleton (Depths:1)
  3 rakshasas
  31 vault guards
  17 hydras
  7 great orbs of eyes
  A peacekeeper (Vaults:4)
  4 catoblepae
  6 spriggan air magi
  2 ice dragons
  17 ironbound frosthearts
  7 centaur warriors
  2 death knights
  2 jorogumos (Spider:4)
  10 two-headed ogres
  4 ogre magi
  Erica (Orc:1)
  2 radroaches (Spider:4)
  5 death yaks (Lair:5)
  7 hell hogs (Depths:3)
  8 deep troll shamans
  Urug (D:12)
  3 vampire magi
  4 thrashing horrors (Abyss:4)
  2 deep troll earth magi
  12 alligators
  16 dancing weapons
  8 orc high priests
  22 hell knights
  5 tengu warriors
  19 deep elf knights
  Sonja (D:11)
  2 storm dragon zombies (Depths:1)
  5 spriggan berserkers
  A wretched star (Abyss:3)
  11 iron trolls
  2 skeletal warriors
  2 goliath frogs (Swamp:1)
  Amaemon (D:8)
  2 golden dragon zombies (Depths:1)
  4 pharaoh ants
  A death drake (Swamp:3)
  A shadow wraith (Vaults:5)
  3 glowing orange brains
  2 spriggan druids (Swamp:1)
  16 swamp dragons
  2 spatial maelstroms
  4 steelbarb worms
  17 deep elf archers
  4 bog bodies
  62 deep trolls
  2 shadow dragon zombies (Depths:1)
  7 orb spiders
  12 lindwurms
  12 wizards
  14 ironbound convokers
  2 golden dragon skeletons
  A phantasmal warrior (Vaults:3)
  19 orc knights
  30 deep elf pyromancers
  2 oklob plants
  3 harpies (Vaults:2)
  A frost giant zombie (Vaults:1)
  28 deep elf zephyrmancers
  A fire giant zombie (Vaults:1)
  A harpy (shapeshifter) (Vaults:3)
  10 necromancers
  3 orc sorcerers
  15 wolf spiders
  2 worldbinders
  39 ugly things
  5 cyclopes
  4 manticores
  A shadow dragon skeleton (Depths:1)
  3 starcursed masses
  A will-o-the-wisp (Swamp:4)
  2 iron dragon zombies (Depths:1)
  6 moths of wrath
  2 iron dragon skeletons (Depths:1)
  A rust devil (Depths:2)
  3 black mambas
  A fire giant skeleton (Depths:2)
  12 torpor snails
  17 elephants
  A smoke demon (Abyss:4)
  A gargoyle (D:10)
  An apocalypse crab (Abyss:2)
  19 vault sentinels
  4 orange demons
  A centaur skeleton (Abyss:3)
  11 cane toads
  9 komodo dragons
  6 rime drakes
  8 freezing wraiths
  14 demonic crawlers
  25 yaktaurs
  A hellion (Depths:2)
  An unseen horror (D:11)
  7 tengu conjurers
  A red devil (Depths:2)
  5 meliai
  An ancient zyme (Abyss:2)
  7 trolls
  11 tyrant leeches
  A merfolk (D:10)
  5 polar bears
  18 hornets
  A blink frog (shapeshifter) (Elf:1)
  12 dream sheep
  18 tarantellas
  27 blink frogs
  A hydra skeleton (Abyss:3)
  19 slime creatures
  A fire giant simulacrum (Depths:2)
  2 flying skulls (Abyss:4)
  A jumping spider (shapeshifter) (Vaults:3)
  23 jumping spiders
  14 culicivoras
  5 small abominations
  Sigmund (D:4)
  A culicivora (shapeshifter) (Elf:2)
  An elf zombie (Vaults:1)
  3 air elementals
  6 wyverns
  3 ynoxinuls
  10 water elementals
  6 fire elementals
  8 wraiths
  A shadow (D:13)
  9 spriggans
  7 fire bats
  A human (shapeshifter) (Elf:2)
  54 yaks
  5 basilisks
  11 vampire mosquitoes
  19 humans (D:14)
  41 redbacks
  2 spatial vortices (Abyss:2)
  A steam dragon (D:9)
  An elf skeleton (Vaults:1)
  3 chaos spawn
  6 large abominations
  14 swamp worms
  8 wargs
  3 hell hounds (Elf:1)
  17 water moccasins
  A floating eye (Depths:2)
  2 ice beasts
  A meliai simulacrum (D:14)
  8 swamp drakes
  3 black bears
  43 orc warriors
  12 ogres
  2 sky beasts
  7 centaurs
  7 wolves
  A phantom (D:4)
  A kobold brigand (D:9)
  11 bullfrogs
  3 earth elementals
  A gnoll sergeant (D:9)
  3 scorpions
  2 necrophages (Swamp:2)
  9 wights
  11 killer bees
  9 howler monkeys
  5 electric eels
  A lava snake (D:8)
  5 iron imps (Gauntlet)
  3 jellies
  4 hounds (D:8)
  28 orc priests
  A gnoll shaman (Lair:2)
  Natasha (twice) (D:3)
  5 iguanas
  25 orc wizards
  15 gnolls
  10 adders
  A shadow imp (D:6)
  5 white imps
  An ufetubus (Abyss:2)
  5 worms (D:2)
  2 dart slugs
  81 orcs
  9 endoplasms
  A giant cockroach (D:2)
  4 goblins
  14 hobgoblins
  3 jackals (D:2)
  11 kobolds
  2 quokkas (D:4)
  4 ball pythons (D:4)
  3 bats
  2 frilled lizards (D:1)
  3 rats
1851 creatures vanquished.

Vanquished Creatures (others)
  A tentacled monstrosity (Depths:4)
  A stone giant (Vaults:4)
  An eleionoma (Swamp:2)
  A deep elf annihilator (Elf:3)
  2 hydras
  A peacekeeper (Vaults:4)
  A boulder beetle (Spider:1)
  A catoblepas (Lair:3)
  A dancing weapon (Elf:2)
  An alligator (Swamp:2)
  A hell knight (Vaults:4)
  A tengu warrior (Depths:2)
  2 deep elf knights
  3 deep trolls (Vaults:4)
  An ironbound convoker (Vaults:1)
  A deep elf archer (Elf:1)
  A necromancer (Depths:4)
  A lindwurm (Lair:3)
  A deep elf pyromancer (Elf:1)
  2 deep elf zephyrmancers (Elf:1)
  An orc knight (Orc:2)
  An ugly thing (D:15)
  An apocalypse crab (Abyss:4)
  A vault sentinel (Vaults:1)
  A yaktaur (Vaults:4)
  A spark wasp simulacrum (Depths:1)
  2 bloated husks
  A tyrant leech (Swamp:2)
  2 tarantellas
  2 jumping spiders
  A spriggan (Swamp:4)
  2 vampire mosquitoes
  2 orcs (Orc:2)
  A kobold (D:9)
  14 demonic plants (Gauntlet)
  2 foxfires (Swamp:4)
  24 fungi
  100 plants
  4 starspawn tentacles (Abyss:2)
  8 toadstools (Lair:3)
196 creatures vanquished.

Grand Total: 2047 creatures vanquished

Notes
Turn   | Place    | Note
-------+----------+-------------------------------------------
     0 | D:1      | namelastname112 the Draconian Monk began the quest for the
                  | Orb.
     0 | D:1      | Reached XP level 1. HP: 19/19 MP: 1/1
   271 | D:1      | Reached XP level 2. HP: 24/26 MP: 2/2
   996 | D:2      | Reached XP level 3. HP: 23/31 MP: 3/3
  1171 | D:2      | Reached skill level 5 in Unarmed Combat
  1171 | D:2      | Reached XP level 4. HP: 5/38 MP: 4/4
  2200 | D:2      | Reached XP level 5. HP: 42/45 MP: 5/5
  3064 | D:3      | Noticed Natasha
  3070 | D:3      | Killed Natasha
  3135 | D:4      | Reached XP level 6. HP: 49/51 MP: 6/6
  3307 | D:3      | Noticed Natasha
  3313 | D:3      | Killed Natasha
  3475 | D:4      | Found a staircase to the Ecumenical Temple.
  3485 | Temple   | Entered the Ecumenical Temple
  3819 | Temple   | Became a worshipper of Ru the Awakened
  3826 | Temple   | Gained mutation: You cannot be stealthy. [Ru sacrifice]
  3973 | D:4      | Noticed Sigmund
  3994 | D:4      | Killed Sigmund
  3995 | D:4      | Your scales start taking on an icy white colour.
  3995 | D:4      | Reached XP level 7. HP: 48/57 MP: 7/7
  3995 | D:4      | Gained mutation: Your flesh is cold resistant. (rC+) [White
                  | Draconian growth]
  5165 | D:5      | Entered Level 5 of the Dungeon
  5188 | D:5      | Reached XP level 8. HP: 47/63 MP: 8/8
  5203 | D:5      | Reached skill level 10 in Unarmed Combat
  5568 | D:5      | Found a large runed translucent door.
  5668 | D:5      | Found a one-way gate to the infinite horrors of the Abyss.
  5736 | D:5      | Found an ancient bone altar of Kikubaaqudgha.
  5745 | D:5      | Found a glowing golden altar of the Shining One.
  5808 | D:5      | Found a large runed translucent door.
  5811 | D:5      | Found a corrupted altar of Lugonu.
  7455 | D:7      | Reached XP level 9. HP: 67/71 MP: 9/9
  7702 | D:7      | Gained mutation: You cannot study or use magical devices.
                  | [Ru sacrifice]
  7702 | D:7      | Reached * piety under Ru
  7702 | D:7      | Reached ** piety under Ru
  7702 | D:7      | Reached *** piety under Ru
  9044 | D:8      | Noticed a troll
  9067 | D:8      | Reached XP level 10. HP: 63/79 MP: 10/10
  9076 | D:8      | Reached skill level 5 in Dodging
  9315 | D:8      | Noticed a purple ugly thing
  9326 | D:8      | Killed a purple ugly thing
  9337 | D:8      | Found a staircase to the Lair.
  9501 | D:8      | Noticed an orange demon
  9512 | D:8      | namelastname112: нихуя красивый стал
  9540 | D:8      | Killed an orange demon
  9541 | D:8      | Reached skill level 5 in Fighting
  9679 | D:8      | Found Aced's General Store.
  9691 | D:8      | Bought a +1 hat for 165 gold pieces
  9706 | D:8      | Noticed Amaemon
  9708 | D:8      | namelastname112: это еще че за хуита
  9708 | D:8      | epen: амаемон
  9708 | D:8      | namelastname112: покемон
  9708 | D:8      | epen: самон скорпионс
  9708 | D:8      | namelastname112: надо кинцо какое-то поставить
  9708 | D:8      | namelastname112: на фон
  9735 | D:8      | Killed Amaemon
  9979 | D:8      | Noticed an orange crystal statue
 10041 | D:8      | Reached skill level 15 in Unarmed Combat
 10981 | D:9      | Reached XP level 11. HP: 73/88 MP: 11/11
 11296 | D:9      | Found the +4 skin of Zhor {*Englaciate rC+++ SInv}
 12272 | D:10     | Entered Level 10 of the Dungeon
 12510 | D:10     | Found Xocison's Book Boutique.
 12662 | D:10     | Noticed Harold
 12708 | D:10     | Killed Harold
 13115 | D:10     | Found the +8 lance "Wyrmbane" {slay drac, rPois rF+ rC+
                  | AC+3}
 13116 | D:10     | Found a transporter.
 13117 | D:10     | Found a corrupted altar of Lugonu.
 13117 | D:10     | Noticed a green ugly thing
 13120 | D:10     | Noticed a brown ugly thing
 13126 | D:10     | namelastname112: ебать мой хуй\
 13126 | D:10     | namelastname112: ну все нахуй
 13285 | D:10     | Found a transporter.
 13287 | D:10     | Noticed a brown ugly thing
 13620 | D:10     | Noticed a centaur warrior
 13664 | D:10     | Gained mutation: You are robust. (+10% HP) [potion of
                  | mutation]
 13678 | D:10     | Killed a centaur warrior
 14143 | D:11     | Noticed Sonja
 14143 | D:11     | Noticed a two-headed ogre
 14555 | D:10     | Killed a two-headed ogre
 15067 | D:11     | Noticed a boulder beetle
 15087 | D:10     | Reached XP level 12. HP: 47/105 MP: 12/12
 15311 | D:10     | Killed a boulder beetle
 15612 | D:11     | Reached skill level 5 in Axes
 15716 | D:11     | Found Xuutz's Magic Scroll Shoppe.
 15725 | D:11     | Bought a scroll of teleportation for 48 gold pieces
 16146 | D:11     | Killed Sonja
 16519 | D:12     | Noticed a catoblepas
 16519 | D:12     | Noticed a catoblepas
 16520 | D:12     | namelastname112: нихуя себе блять
 16520 | D:12     | namelastname112: встреча
 16677 | D:12     | Noticed a boulder beetle
 16755 | D:12     | Killed a boulder beetle
 16971 | D:12     | Noticed a two-headed ogre
 16984 | D:12     | Killed a two-headed ogre
 17338 | D:12     | Found a staircase to the Orcish Mines.
 17361 | D:12     | Noticed a two-headed ogre
 17368 | D:12     | Killed a two-headed ogre
 17861 | D:12     | Killed a catoblepas
 17862 | D:12     | Reached skill level 10 in Axes
 17932 | D:12     | Noticed a four-headed hydra
 19274 | D:11     | namelastname112: не то качал
 19274 | D:11     | namelastname112: какой я молодец
 19399 | Lair:1   | Entered Level 1 of the Lair of Beasts
 19429 | D:8      | Reached skill level 1 in Polearms
 19472 | Lair:1   | Reached skill level 2 in Polearms
 19890 | Lair:1   | Identified the +1 pair of gloves of the Solstice {Harm
                  | rCorr}
 19951 | Lair:1   | Reached skill level 3 in Polearms
 19961 | Lair:1   | Reached XP level 13. HP: 99/112 MP: 13/13
 20112 | Lair:1   | Reached skill level 4 in Polearms
 20837 | Lair:2   | Reached skill level 5 in Polearms
 20955 | Lair:2   | Reached skill level 6 in Polearms
 21366 | Lair:2   | Reached skill level 7 in Polearms
 22423 | Lair:3   | Reached skill level 8 in Polearms
 22423 | Lair:3   | Gained mutation: You are somewhat inexperienced. (-2 XL)
                  | [Ru sacrifice]
 22423 | Lair:3   | Reached XP level 12. HP: 105/105 MP: 12/12
 22423 | Lair:3   | Reached XP level 11. HP: 97/97 MP: 11/11
 22423 | Lair:3   | Reached **** piety under Ru
 22423 | Lair:3   | Reached ***** piety under Ru
 22928 | Lair:3   | Found a hole to the Spider Nest.
 23112 | Lair:3   | Found a runed translucent door.
 23209 | Lair:3   | Reached skill level 9 in Polearms
 23897 | Lair:4   | Found a gate leading to a gauntlet.
 23912 | Gauntlet | Entered a Gauntlet
 23912 | Gauntlet | Found a transporter.
 23921 | Gauntlet | Found a transporter.
 23923 | Gauntlet | Found a transporter.
 23925 | Gauntlet | Found a transporter.
 24018 | Gauntlet | Found a transporter.
 24029 | Gauntlet | Found a transporter.
 24034 | Gauntlet | Found a transporter.
 24047 | Gauntlet | Noticed a green death
 24049 | Gauntlet | Found a transporter.
 24068 | Gauntlet | Found a transporter.
 24080 | Gauntlet | Found a transporter.
 24092 | Gauntlet | Found a transporter.
 24100 | Gauntlet | Noticed a green death
 24104 | Gauntlet | Found a transporter.
 24116 | Gauntlet | Found a transporter.
 24133 | Gauntlet | Found a transporter.
 24151 | Gauntlet | Found a transporter.
 24155 | Gauntlet | Found a transporter.
 24212 | Gauntlet | Found a transporter.
 24223 | Gauntlet | Found a transporter.
 24340 | Gauntlet | Killed a green death
 24349 | Gauntlet | Reached skill level 10 in Polearms
 24447 | Gauntlet | Identified the ring of Idealism {rN+ rCorr AC+4 Dex+3}
 24557 | Gauntlet | Noticed a minotaur
 24568 | Gauntlet | Killed a minotaur
 24577 | Gauntlet | Got the Catalogue of the Noxious Entourage
 24591 | Lair:4   | Found a staircase to the Swamp.
 24707 | Lair:4   | Reached skill level 11 in Polearms
 25063 | Lair:4   | Reached XP level 12. HP: 81/105 MP: 12/12
 25878 | Lair:5   | Found a staircase to the Slime Pits.
 25879 | Lair:5   | Found a viscous altar of Jiyva.
 25939 | Lair:5   | Gained mutation: You cannot study or cast Ice magic. [Ru
                  | sacrifice]
 25939 | Lair:5   | Gained mutation: You cannot study or cast Hexes magic. [Ru
                  | sacrifice]
 25939 | Lair:5   | Gained mutation: You cannot study or cast Necromancy magic.
                  | [Ru sacrifice]
 26113 | Lair:5   | Reached skill level 12 in Polearms
 27350 | D:13     | Reached skill level 1 in Shields
 28292 | D:14     | Found Viypeg's Antique Armour Shoppe.
 28459 | D:14     | Reached skill level 13 in Polearms
 28479 | D:14     | Found a frozen archway.
 28479 | D:14     | Noticed an azure jelly
 29136 | Lair:3   | Gained mutation: You are hated by all. [Ru sacrifice]
 29136 | Lair:3   | Reached ****** piety under Ru
 29688 | Lair:6   | Entered Level 6 of the Lair of Beasts
 31412 | Lair:6   | Found a runed translucent door.
 31497 | Lair:6   | Reached XP level 13. HP: 89/116 MP: 13/13
 32877 | Orc:1    | Entered Level 1 of the Orcish Mines
 32890 | Orc:1    | Noticed Josephine
 32908 | D:12     | Killed Josephine
 32909 | D:12     | Reached skill level 14 in Polearms
 32912 | Orc:1    | Noticed Urug
 33152 | D:12     | Killed Urug
 33700 | Orc:2    | Entered Level 2 of the Orcish Mines
 33700 | Orc:2    | Found a staircase to the Elven Halls.
 33763 | Orc:1    | Noticed Erica
 33778 | Orc:1    | Killed Erica
 35404 | Orc:2    | Reached skill level 10 in Dodging
 35750 | Orc:2    | Reached skill level 5 in Shields
 36298 | Orc:2    | Gained mutation: You sometimes lose the ability to read
                  | scrolls when taking damage. [a neqoxec]
 36495 | Orc:2    | Found Roaruiq's Antique Weapon Boutique.
 36498 | Orc:2    | Found Copt's Antique Armour Boutique.
 36500 | Orc:2    | Found Hitorra's General Store.
 36501 | Orc:2    | Found Kinteirph's Distillery.
 36503 | Orc:2    | Bought a potion of curing for 42 gold pieces
 36503 | Orc:2    | Bought a potion of heal wounds for 70 gold pieces
 36503 | Orc:2    | Bought 2 potions of heal wounds for 140 gold pieces
 36503 | Orc:2    | Bought a potion of curing for 42 gold pieces
 36508 | Orc:2    | Bought an embroidered cloak for 277 gold pieces
 37190 | D:13     | Reached skill level 10 in Fighting
 37888 | D:14     | Reached skill level 15 in Polearms
 38380 | D:14     | Found a stormy altar of Qazlal.
 38513 | D:14     | Killed an azure jelly
 39078 | D:14     | Found a gate to the Vaults.
 39433 | D:15     | Entered Level 15 of the Dungeon
 39845 | D:14     | Lost mutation: You sometimes lose the ability to read
                  | scrolls when taking damage. [potion of mutation]
 39845 | D:14     | Lost mutation: You are robust. (+10% HP) [potion of
                  | mutation]
 39845 | D:14     | Gained mutation: You sometimes lose the ability to read
                  | scrolls when taking damage. [potion of mutation]
 39845 | D:14     | Gained mutation: You are clumsy. (Dex -2) [potion of
                  | mutation]
 39845 | D:14     | Gained mutation: You are resistant to electric shocks.
                  | (rElec) [potion of mutation]
 39846 | D:14     | Lost mutation: You sometimes lose the ability to read
                  | scrolls when taking damage. [potion of mutation]
 39846 | D:14     | Lost mutation: You are clumsy. (Dex -2) [potion of
                  | mutation]
 39846 | D:14     | Gained mutation: You have an increased reservoir of magic.
                  | (+10% MP) [potion of mutation]
 39846 | D:14     | Gained mutation: You passively map a small area around you.
                  | [potion of mutation]
 39859 | D:15     | Reached XP level 14. HP: 116/122 MP: 15/15
 40326 | D:15     | Found a staircase to the Depths.
 41394 | Swamp:1  | Entered Level 1 of the Swamp
 42619 | Swamp:2  | Noticed a tentacled monstrosity
 42653 | Swamp:1  | Killed a tentacled monstrosity
 43462 | Swamp:2  | Noticed Louise
 43482 | Swamp:2  | Killed Louise
 43483 | Swamp:2  | Reached skill level 16 in Polearms
 44089 | Swamp:2  | Noticed Frances
 44108 | Swamp:2  | Gained mutation: Potions are less effective at restoring
                  | your health. [a neqoxec]
 44116 | Swamp:2  | Killed Frances
 45308 | Swamp:4  | Entered Level 4 of the Swamp
 45930 | Swamp:4  | Reached skill level 10 in Shields
 46270 | Swamp:4  | Noticed the 27-headed Lernaean hydra
 46341 | Swamp:4  | Reached XP level 15. HP: 89/132 MP: 16/16
 46713 | Swamp:4  | Killed the 27-headed Lernaean hydra
 47474 | Swamp:4  | Got a decaying rune of Zot
 47853 | Elf:1    | Entered Level 1 of the Elven Halls
 48244 | Elf:1    | Noticed Jorgrun
 48257 | Elf:1    | Killed Jorgrun
 48725 | Elf:1    | Noticed a Brimstone Fiend
 49241 | Elf:1    | Noticed a Hell Sentinel
 49384 | Elf:1    | Noticed Azrael
 49407 | Elf:1    | Killed Azrael
 49623 | Elf:1    | Reached skill level 17 in Polearms
 51443 | Elf:2    | Found a runed translucent gate.
 51445 | Elf:2    | Found a runed translucent gate.
 51450 | Elf:2    | Found a runed translucent gate.
 51529 | Elf:2    | Paralysed by an orc sorcerer for 6 turns
 52244 | Elf:2    | Reached XP level 16. HP: 143/143 MP: 17/17
 52446 | Elf:3    | Entered Level 3 of the Elven Halls
 52549 | Elf:3    | Cast into level 2 of the Abyss (a deep elf sorcerer)
 52549 | Abyss:2  | Found a corrupted altar of Lugonu.
 53199 | Abyss:3  | Noticed a Hell Sentinel
 53247 | Abyss:4  | Noticed a Hell Sentinel
 53270 | Abyss:4  | Found a corrupted altar of Lugonu.
 53664 | Elf:3    | Escaped the Abyss
 53865 | Elf:3    | Identified the +3 falchion of Departure {spect, rC- Will++
                  | Int+5}
 53992 | Elf:3    | Identified the ring "Fuirooka" {Ice rPois Will+ SInv}
 54014 | Elf:3    | Identified the +2 falchion of Duty {spect, Stlth+}
 54757 | Elf:3    | Paralysed by an air elemental for 1 turns
 54944 | Elf:3    | Noticed a Tzitzimitl
 54949 | Elf:3    | Noticed a Hell Sentinel
 55286 | Elf:3    | Identified the +7 great sword of Havoc {chaos, SInv}
 55347 | Elf:3    | Noticed Mara
 56095 | Elf:3    | Identified the +1 ring mail of the Wasteland {rPois rF+
                  | Will+++ Dex-3}
 56206 | Elf:3    | Identified the +2 morningstar "Cekhleekh" {protect, rCorr
                  | Str+3}
 56489 | Elf:3    | Reached skill level 18 in Polearms
 56999 | Elf:3    | Identified the +1 robe of the Muttering Gods {+Blink rF+}
 57230 | Elf:3    | Got the Handbook of Frigorific Arcane Weapons
 57294 | Elf:3    | Identified the +0 scale mail of Happy Babbling {Dex+2}
 57443 | Elf:3    | Killed Mara
 58193 | Spider:1 | Entered Level 1 of the Spider Nest
 58205 | Spider:1 | Found a runed translucent gate.
 58206 | Spider:1 | Found a runed translucent gate.
 58229 | Spider:1 | Noticed Donald
 58256 | Spider:1 | Killed Donald
 58271 | Spider:1 | Noticed Nikola
 58279 | Spider:1 | Noticed Laso Cet's ghost (adept DrIE)
 58279 | Spider:1 | Noticed Jeezicez's ghost (adept DEAr)
 58552 | Spider:1 | Killed Nikola
 58794 | Spider:1 | Found a runed translucent gate.
 60392 | Spider:1 | Killed Laso Cet's ghost
 60429 | Spider:1 | Killed Jeezicez's ghost
 60849 | Spider:2 | Reached XP level 17. HP: 149/152 MP: 18/18
 61033 | Spider:2 | Reached skill level 15 in Shields
 63376 | Spider:3 | Found a transporter.
 63378 | Spider:3 | Found a transporter.
 63590 | Spider:3 | Got the +3 pair of boots "Jouluasuol" {+Blink rElec Stlth+}
 63690 | Spider:4 | Entered Level 4 of the Spider Nest
 64598 | Spider:4 | HP: 3/147 [broodmother (46)]
 64614 | Spider:4 | Reached skill level 15 in Fighting
 65022 | Spider:4 | Got a gossamer rune of Zot
 65929 | Vaults:1 | Entered Level 1 of the Vaults
 65948 | Vaults:1 | Noticed Saint Roka
 66289 | D:14     | Reached skill level 19 in Polearms
 66289 | D:14     | Reached XP level 18. HP: 147/147 MP: 19/19
 66376 | Vaults:1 | Killed Saint Roka
 66460 | Vaults:1 | Identified the +4 scimitar of Vappycoili {spect, rElec rN+
                  | Str+2 Dex-3}
 68077 | Vaults:1 | Reached XP level 19. HP: 153/153 MP: 20/20
 68718 | Vaults:2 | HP: 4/168 [orc warlord/+2 battleaxe (52)]
 69470 | Vaults:2 | Noticed Frederick
 69487 | Vaults:2 | Killed Frederick
 71227 | Vaults:2 | Found a staircase to the Crypt.
 72295 | Vaults:3 | Found Voegier's Armour Shoppe.
 72332 | Vaults:3 | Reached skill level 15 in Dodging
 72956 | Vaults:3 | Reached skill level 20 in Polearms
 73345 | Vaults:3 | Identified the +5 scale mail of the Wheelwright {Str+7}
 74352 | Vaults:3 | Reached XP level 20. HP: 73/172 MP: 16/22
 75317 | Vaults:4 | Found a runed translucent gate.
 75317 | Vaults:4 | Noticed an ancient lich
 75318 | Vaults:4 | Found a runed translucent gate.
 75318 | Vaults:4 | Found a runed translucent gate.
 75318 | Vaults:4 | Found an ancient bone altar of Kikubaaqudgha.
 75318 | Vaults:4 | Noticed an ancient lich
 75318 | Vaults:4 | Noticed esteth's ghost (veteran DjCj)
 75338 | Vaults:4 | Killed an ancient lich
 75342 | Vaults:4 | Killed an ancient lich
 75363 | Vaults:4 | Killed esteth's ghost
 75368 | Vaults:4 | Identified the +0 pair of boots of Fashionability {Str+10}
 75372 | Vaults:4 | Identified the ring of Broken Luck {Fire rPois Str+3}
 75376 | Vaults:4 | Identified the ring of the Bull {rC- Will+ Str+6 SInv}
 75782 | Vaults:4 | Noticed Margery
 75808 | Vaults:4 | Killed Margery
 76304 | Vaults:4 | Identified the ring of Balance {rF- rN+++ rCorr Dex-4 SInv}
 76486 | Vaults:4 | Found Zocerusa's Weapon Shop.
 76804 | Vaults:4 | namelastname112: двери блять
 76804 | Vaults:4 | namelastname112: ломаются теперь
 76804 | Vaults:4 | namelastname112: чего нахуй
 77544 | Depths:1 | Entered Level 1 of the Depths
 78287 | Depths:1 | Found the +9 sword of Zonguldrok {reap}
 78574 | Depths:1 | You fall into a shaft and drop 1 floor!
 78614 | Depths:2 | Paralysed by a floating eye for 2 turns
 79251 | Depths:1 | Found a one-way gate leading to the halls of Pandemonium.
 79420 | Depths:1 | Found a gateway to Hell.
 80026 | Depths:2 | Reached XP level 21. HP: 195/195 MP: 23/23
 80033 | Depths:2 | Reached skill level 21 in Polearms
 80160 | Depths:2 | Paralysed by a floating eye for 4 turns
 80230 | Depths:2 | Found a runed translucent door.
 80233 | Depths:2 | Found a radiant altar of Vehumet.
 80233 | Depths:2 | Noticed an ancient lich
 81377 | Depths:3 | Found an ornate altar of the Wu Jian Council.
 81731 | Depths:3 | Found a one-way gateway to a ziggurat.
 82206 | Depths:3 | Found Dapnemaw's Jewellery Shop.
 82210 | Depths:3 | Found Pixzub's Weapon Boutique.
 82211 | Depths:3 | Found Kianlur's Armour Shop.
 82515 | Depths:4 | Entered Level 4 of the Depths
 82515 | Depths:4 | Noticed a caustic shrike
 82515 | Depths:4 | Noticed a caustic shrike
 82516 | Depths:4 | Noticed a caustic shrike
 82518 | Depths:4 | Noticed a caustic shrike
 82518 | Depths:4 | Noticed a caustic shrike
 82539 | Depths:3 | Killed a caustic shrike
 82562 | Depths:3 | Killed a caustic shrike
 82635 | Depths:3 | Killed a caustic shrike
 82644 | Depths:3 | Killed a caustic shrike
 82648 | Depths:3 | Killed a caustic shrike
 83267 | Depths:4 | Found a gate to the Realm of Zot.
 83461 | Depths:4 | Identified the ring "Tipsos" {Fly AC+4}
 83487 | Depths:4 | Reached XP level 22. HP: 159/207 MP: 24/24
 83951 | Depths:4 | Identified a scroll of acquirement
 83952 | Depths:4 | Acquired a manual of Fighting
 84142 | D:8      | Bought a scroll of immolation for 52 gold pieces
 84407 | Vaults:5 | Entered Level 5 of the Vaults
 84455 | Vaults:5 | Noticed a dread lich
 84478 | Vaults:5 | Killed a dread lich
 84617 | Vaults:5 | Reached skill level 22 in Polearms
 84659 | Vaults:5 | Paralysed by something for 7 turns
 84659 | Vaults:5 | Demolished by an ettin

Illustrated notes

Levels and vault maps discovered:
D:1:      dpeg_arrival_arbitrary_a, layout_loops_ring, minmay_tromino_v4_a
D:2:      layout_basic, serial_park_tiny_pond
D:3:      layout_basic, uniq_natasha
D:4:      minmay_evil_eye, layout_basic, minmay_temple_entry_large_hall,
          uniq_sigmund
D:5:      due_chaos_kobolds, layout_loops_ring, mainiacjoe_overflow_swirl
D:6:      layout_basic
D:7:      layout_basic, kennysheep_minor_cross
D:8:      layout_rooms, erik_lair_island, serial_shops, shop_fountains,
          minmay_holes, disabler_island, uniq_amaemon
D:9:      layout_roguey, hellmonk_guarded_unrand_zhor
D:10:     gammafunk_corrupted_shrine, layout_long_grid, serial_shops, shop,
          hangedman_abyss_or_decor_stabs, kennysheep_diamond,
          grunt_ministairs_12, hangedman_fish_farm, uniq_harold
D:11:     layout_rooms, serial_shops, shop, small_statue_intersection,
          lightli_fourway_metalbox, uniq_sonja
D:12:     nzn_motion_control, layout_rooms, orc_0_dummy, serial_bayou,
          serial_bayou_shore_b, serial_bayou_crossing, serial_bayou_pond_a,
          serial_bayou_lagoon_a
D:13:     layout_basic, einodemon_crawler_minivault
D:14:     layout_cave_pools, grunt_vaults_entry_tiered, grunt_qazlal_clouds,
          serial_shops, nicolae_shop_advertising_works
          [nicolae_subvault_shop_adworks], portal_ice_cave_entry_frozen_things,
          the_hattery
D:15:     grunt_enter_depths_giant_problem, layout_loops_ring
Temple:   mainiacjoe_temple_cubbyholes
Lair:1:   layout_regular_city, infiniplex_staircase_pool_2
Lair:2:   layout_roguey, dreamdust_gnoll_shepherd
Lair:3:   gammafunk_lair_enchanted_lake, layout_gridlike,
          spider_nest_entry_funnel_web
Lair:4:   layout_roguey, swamp_mist, nicolae_volcano_entry_batcave,
          gauntlet_entry_generic, lemuel_fruit_fields
Lair:5:   dpeg_oklob_gauntlet, layout_concentric_octagons, slime_altar_1,
          serial_bayou_shore_a
Lair:6:   wormcave, layout_cave_shapes
Swamp:1:  layout_basic_swamp, nicolae_swamp_trees_clearing, hangedman_swamp_pad,
          nicolae_swamp_oklob_treasure_island
Swamp:2:  layout_falls_marsh, nicolae_swamp_round_clearing, swamp_pool2,
          nicolae_swamp_dense_foliage, uniq_frances, uniq_louise
Swamp:3:  layout_basic_swamp, nicolae_swamp_well_well_well,
          infiniplex_staircase_pool
Swamp:4:  swamp_old_school, layout_basic_swamp
Spider:1: layout_chambers, gammafunk_ghost_cemetery,
          nicolae_spider_wall_of_niches, uniq_nikola, uniq_donald
Spider:2: layout_chambers, hellmonk_watch_for_rolling_rocks
Spider:3: gammafunk_boulding_lane
Spider:4: hellmonk_spider_rune_endless_swarm
Orc:1:    layout_diamond_mine, basic_altar, uniq_josephine, uniq_urug,
          uniq_erica
Orc:2:    st_orc_pillars, layout_caves
Elf:1:    layout_loops_corners, special_room [special_room_orc],
          hangedman_elf_represent, uniq_azrael, uniq_jorgrun
Elf:2:    nicolae_elf_blades_splatter_lattice
          [nicolae_vaults_blade_armed_guards], layout_gridlike,
          lemuel_upstairs_altar
Elf:3:    grunt_elf_hall_diamonds, layout_rooms, uniq_mara
Vaults:1: v_misc_10, nicolae_vaults_border_crossing,
          nicolae_vaults_little_squares_6, dpeg_vaults_monster_row,
          grunt_vaults_swirl, ontoclasm_vaults_ligature,
          nicolae_vaults_network_periphery, vaults_standard_mumra_x, v_misc_22,
          nicolae_vaults_asterisk, nicolae_vaults_little_squares_1,
          layout_vaults_ring, uniq_saint_roka
Vaults:2: vaults_mumra_minichess_inversion, nicolae_vaults_circle_grid_b,
          hangedman_vaults_slice, vaults_room_fancy_cross, nicolae_vaults_theta,
          nicolae_vaults_fighting_squares, vaults_room_fancy_cross,
          nicolae_vaults_little_squares_1, nicolae_vaults_sealed_display,
          layout_vaults_omnigrid, minmay_crypt_entry_nasty_monster,
          uniq_frederick
Vaults:3: nicolae_vaults_circle_grid_a, vaults_mumra_hexcomb, st_octagons_2,
          v_alt_pattern_6, nicolae_vaults_network_barrier, vaults_room_pool,
          nicolae_vaults_twisting_passages, vaults_mumra_minichess,
          nicolae_vaults_little_ls, vaults_room_fours, vaults_dpeg_encased_lava,
          vaults_room_hallway, ontoclasm_vaults_ring_square,
          layout_vaults_omnibox, serial_shops, shop_fountains
Vaults:4: gammafunk_ghost_crypt, v_misc_29, vaults_room_hallway, st_eye,
          hangedman_vaults_restitches, nicolae_vaults_little_squares_4,
          hangedman_vaults_trim, v_misc_3, nicolae_vaults_gold_heap,
          layout_vaults_big_room, serial_shops, nicolae_shop_waterfront,
          uniq_margery
Vaults:5: serial_shops, uniq_jory
Depths:1: layout_gridlike, serial_corexii_hall, chequers_hall_statues_corner_a,
          corexii_hall_statues_x, chequers_hall_statues_corner_a,
          corexii_hall_statues_i, hell_entry, pan_entry, abyss_entry,
          grunt_decor_junction, minmay_guarded_unrand_zonguldrok,
          serial_bayou_shore_b, grunt_megastairs_2
Depths:2: evilmike_horseshoe, layout_cave_pools, nrook_uturn,
          nicolae_abyss_entry_one_way_or_another, hell_entry,
          rand_demon_pan_entry_5, grunt_absolute_annihilation,
          minmay_staircase_windowed_large
Depths:3: hellmonk_destroyed_diamonds, layout_gridlike, enter_ziggurat_e,
          nicolae_wu_jian_wuxing_cycle, grunt_hell_horde, abyss_entry,
          serial_bayou_shore_b, minmay_shop_star
Depths:4: grunt_twist_and_shout, layout_long_grid,
          pf_vacation_house_of_asmodeus, hangedman_abyss_or_decor_clamps,
          uniq_josephina

Skill      XL: |  1  2  3  4  5  6  7  8  9 10 11 12 13 14 15 16 17 18 19 20 21 22 |
---------------+-------------------------------------------------------------------+-----
Unarmed Combat | 4 5 6 8 9 11 13 15 16 | 16.7
Stealth        | 0 |  0.0
Dodging        | 3 4 6 8 9 10 11 12 13 14 15 16 17 | 17.8
Fighting       | 4 5 6 8 10 12 13 14 15 17 18 19 20 | 20.6
Axes           | 3 10 | 10.5
Polearms       | 11 13 15 16 17 18 19 20 21 22 | 22.0
Shields        | 4 7 10 12 14 16 18 19 20 21 | 21.3

Action                   |  1- 3 |  4- 6 |  7- 9 | 10-12 | 13-15 | 16-18 | 19-21 | 22-24 || total
-------------------------+-------+-------+-------+-------+-------+-------+-------+-------++-------
Melee: Unarmed           |   118 |   233 |   315 |   766 |       |       |       |       ||  1432
       Tailslap          |    15 |    24 |    50 |   387 |   459 |   455 |   701 |    48 ||  2139
       Punch             |     5 |     6 |    20 |   202 |    80 |       |       |       ||   313
       Lance             |       |       |       |  1063 |  2814 |  2198 |  2987 |   194 ||  9256
Throw: Throwing net      |       |       |       |     8 |       |       |       |       ||     8
       Dart              |       |       |       |     1 |       |       |       |       ||     1
Invok: Sacrifice Stealth |       |     1 |       |       |       |       |       |       ||     1
       Sacrifice Artific |       |       |     1 |       |       |       |       |       ||     1
       Draw Out Power    |       |       |       |     4 |     1 |     1 |     1 |       ||     7
       Sacrifice Experie |       |       |       |     1 |       |       |       |       ||     1
       Reject Sacrifices |       |       |       |     1 |       |       |       |       ||     1
       Apocalypse        |       |       |       |     1 |     3 |     7 |     9 |     3 ||    23
       Sacrifice Love    |       |       |       |     1 |       |       |       |       ||     1
       Sacrifice Arcana  |       |       |       |     1 |       |       |       |       ||     1
       Power Leap        |       |       |       |       |     1 |     4 |     2 |       ||     7
 Abil: Breathe Frost     |       |       |     5 |    18 |     5 |     3 |       |       ||    31
  Use: Scroll            |       |     6 |     9 |    11 |     8 |     5 |     4 |     3 ||    46
       Potion            |       |       |       |     6 |     3 |     8 |     5 |     1 ||    23
 Stab: Sleeping          |     1 |     3 |       |       |       |       |       |       ||     4
       Distracted        |       |     1 |       |     8 |    15 |     8 |    15 |     1 ||    48
       Invisible         |       |       |       |    14 |     6 |    10 |    13 |     4 ||    47
       Held in net/web   |       |       |       |     2 |       |       |       |       ||     2
       Paralysed         |       |       |       |     2 |    16 |    10 |    23 |     1 ||    52
       Confused          |       |       |       |       |     3 |       |       |       ||     3
Armor: Skin              |    31 |    68 |    84 |   445 |   447 |   266 |   354 |    18 ||  1713
Dodge: Dodged            |    69 |   165 |   182 |  1095 |  1046 |   750 |   996 |    85 ||  4388
Block: Kite shield       |       |       |       |       |   748 |   944 |  1350 |   106 ||  3148

Table legend: (Time is in decaauts)
 A = Elapsed time spent in this place.
 B = Non-inter-level travel time spent in this place.
 C = Inter-level travel time spent in this place.
 D = Time resting spent in this place.
 E = Time spent auto-exploring this place.
 F = Levels seen in this place.
 G = Mean time per level.
                   A        B        C        D        E       F      G
               +--------+--------+--------+--------+--------+-----+--------+
         Total |  80982 |  76354 |   4628 |  28393 |  34312 |  48 | 1687.1 |
       Dungeon |  27114 |  25043 |   2071 |   9414 |  11880 |  15 | 1807.6 |
        Temple |    374 |    310 |     64 |      0 |    299 |   1 |  374.0 |
          Lair |  10556 |   9599 |    957 |   3343 |   4929 |   6 | 1759.3 |
         Swamp |   6203 |   6041 |    162 |   2796 |   2325 |   4 | 1550.8 |
   Spider Nest |   6841 |   6574 |    267 |   1313 |   4011 |   4 | 1710.2 |
  Orcish Mines |   3117 |   2909 |    208 |   1310 |    918 |   2 | 1558.5 |
   Elven Halls |   8573 |   8253 |    320 |   4611 |   2012 |   3 | 2857.7 |
        Vaults |  10732 |  10313 |    419 |   3915 |   4417 |   5 | 2146.4 |
        Depths |   5813 |   5656 |    157 |   1044 |   3232 |   4 | 1453.2 |
         Abyss |   1015 |   1015 |      0 |    499 |     25 |   3 |  338.3 |
      Gauntlet |    641 |    641 |      0 |    147 |    262 |   1 |  641.0 |
               +--------+--------+--------+--------+--------+-----+--------+

Top non-repeatable levels by time:
    D:10: 3408 daAuts
    D:12: 3221 daAuts
   Elf:3: 3110 daAuts
Vaults:1: 2907 daAuts
Vaults:2: 2834 daAuts
   Elf:2: 2809 daAuts
   Elf:1: 2653 daAuts
    D:13: 2629 daAuts
  Lair:5: 2492 daAuts
Vaults:3: 2440 daAuts
Vaults:4: 2380 daAuts
Depths:1: 2243 daAuts
 Swamp:4: 2236 daAuts
    D:14: 2203 daAuts
Spider:1: 2157 daAuts
